 Dungeon Crawl Stone Soup version 0.30-a0-879-ga8ba668304 (webtiles) character file.

Game seed: 8284296616433423651

220 Ijustatesigmund the Firebug (level 5, -3/57 HPs)
             Began as a Gnoll Fire Elementalist on Mar 13, 2023.
             Was an Initiate of Cheibriados.
             Slain by a gnoll
             ... wielding a +0 halberd
             ... led by a gnoll bouda
              (10 damage)
             ... on level 4 of the Dungeon.
             The game lasted 00:04:01 (3300 turns).

Ijustatesigmund the Firebug (GnFE)                  Turns: 3300, Time: 00:04:01

Health: -3/57      AC: 22    Str:  9    XL:     5   Next: 97%
Magic:  1/12       EV:  2    Int: 17    God:    Cheibriados [......]
Gold:   163        SH:  0    Dex: 13    Spells: 11/14 levels left

rFire   . . .      SeeInvis .    h - +3 quarterstaff (chaos)
rCold   . . .      Faith    .    (shield currently unavailable)
rNeg    . . .      Spirit   .    a - melded +0 robe
rPois   +          Reflect  .    (helmet currently unavailable)
rElec   .          Rampage  .    i - melded +0 cloak
rCorr   .          NoTele   +    (gloves currently unavailable)
Will    .....                    (boots currently unavailable)
Stlth   +++                      (no amulet)
HPRegen 0.29/turn                j - ring of flight
MPRegen 0.13/turn                (no ring)

@: mighty, tree-form, very slow
A: stationary, stasis, torment immunity, boosted hp, (fangs 1), strong nose,
distributed training
a: Renounce Religion


You were on level 4 of the Dungeon.
You worshipped Cheibriados.
Cheibriados was noncommittal.
You were a tree.
You visited 1 branch of the dungeon, and saw 4 of its levels.

You collected 163 gold pieces.

Inventory:

Hand Weapons
 c - a +0 short sword
 h - a +3 quarterstaff of chaos (weapon)
Armour
 a - a +0 robe (melded)
 i - a +0 cloak (melded)
Jewellery
 j - a ring of flight (left branch)
Scrolls
 d - a scroll of amnesia
 l - a scroll of teleportation {unknown}
 m - a scroll of torment {unknown}
Potions
 b - 2 potions of magic
 f - a potion of might
 g - a potion of attraction


   Skills:
 + Level 1.8 Fighting
 + Level 1.8 Short Blades
 + Level 1.8 Long Blades
 + Level 1.8 Axes
 + Level 1.8 Maces & Flails
 + Level 1.8 Polearms
 + Level 1.8 Staves
 + Level 1.8 Ranged Weapons
 + Level 1.8 Throwing
 + Level 1.8 Armour
 + Level 4.9 Dodging
 + Level 4.5 Stealth
 + Level 1.8 Shields
 + Level 1.8 Unarmed Combat
 + Level 5.3 Spellcasting
 + Level 2.5 Conjurations
 + Level 1.4 Hexes
 + Level 1.4 Summonings
 + Level 1.4 Necromancy
 + Level 1.4 Translocations
 + Level 1.4 Transmutations
 + Level 5.6 Fire Magic
 + Level 1.4 Ice Magic
 + Level 1.4 Air Magic
 + Level 1.4 Earth Magic
 + Level 1.4 Poison Magic
 + Level 2.0 Invocations
 + Level 1.8 Evocations


You had 11 spell levels left.
You knew the following spells:

 Your Spells              Type           Power      Damage    Failure   Level
a - Foxfire               Conj/Fire      72%        2x1d7     2%          1
b - Scorch                Fire           46%        2d7       1%          2

Your spell library contained the following spells:

 Spells                   Type           Power      Damage    Failure   Level
 Inner Flame              Hex/Fire       16%        N/A       10%         3
 Kindle Blastsparks       Fire/Tloc/Air  28%        2d12      13%         3
 Gell's Gravitas          Tloc           9%         N/A       24%         3
 Teleport Other           Tloc           9%         N/A       24%         3
 Flame Wave               Conj/Fire      18%        2d7       26%         4
 Dispersal                Tloc           4%         N/A       100%        6


Dungeon Overview and Level Annotations

Branches:
Dungeon (4/15)
 Temple: D:4-7

Altars:
Cheibriados
Okawaru

Annotations:
D:3 1 runed translucent door, Opifex's ghost, amateur DsFi


Innate Abilities, Weirdness & Mutations

You are a tree.
Your roots penetrate the ground, keeping you stationary.
You cannot be teleported.
You are immune to unholy pain and torment.
Your maximum health is greatly increased.
Your equipment is partially melded.
((You have very sharp teeth.))
Your uncanny sense of smell can sniff out nearby items.
Your experience applies equally to all skills.


Message History

The gnoll is heavily wounded.
The gnoll hits you from afar with a +0 spear.
Casting: Foxfire (safe; 2% risk of failure)
Confirm with . or Enter, or press ? or * to list all spells.
You conjure some foxfire!
The gnoll barely misses you.
The foxfire hits the gnoll.
The gnoll is heavily wounded.
The foxfire hits the gnoll.
The gnoll is almost dead.
The gnoll hits you from afar with a +0 spear!
Casting: Foxfire (safe; 2% risk of failure)
Confirm with . or Enter, or press ? or * to list all spells.
You conjure some foxfire!
The gnoll hits you from afar with a +0 spear.
The foxfire hits the gnoll.
You kill the gnoll!
Cheibriados appreciates the change of pace.
The foxfire hits the gnoll.
The gnoll is lightly wounded.
The gnoll hits you from afar with a +0 halberd.
* * * LOW HITPOINT WARNING * * *
It was a potion of might.
You feel very mighty all of a sudden.
The gnoll is no longer moving quickly.
The gnoll hits you from afar with a +0 halberd!
* * * LOW HITPOINT WARNING * * *
It was a potion of lignification.
You turn into a tree.
Your +0 cloak melds into your body.
Your +0 robe melds into your body.
Your roots penetrate the ground.
The gnoll barely misses you.
It was a potion of mutation.
You feel extremely strange.
You feel weaker.
You feel stronger. The gnoll hits you but does no damage.
Casting: Foxfire (safe; 2% risk of failure)
Confirm with . or Enter, or press ? or * to list all spells.
Flames lash the gnoll.
The gnoll is severely wounded.
The gnoll's fire resistance burns away.
The gnoll is no longer moving quickly.
The gnoll completely misses you.
The gnoll hits you from afar with a +0 halberd!
You die...

.###### ######.......
#..........#
#.....$....#
#..........#
#....g.....# #g# #######
########)######.
.).....##.......♣)......
.......##.###...........
.......##.###.#.#######.
.......##.......#
...........##.###
........#.###.#
........#.# #+#
........#.. ........####


You could see 2 gnolls.

Vanquished Creatures
  A scorpion (D:3)
  Crazy Yiuf (D:3)
  A gnoll bouda (D:4)
  3 gnolls (D:4)
  3 adders
  A worm (D:3)
  2 dart slugs (D:2)
  2 ball pythons
  3 endoplasms
  5 goblins
  9 hobgoblins
  2 quokkas
  4 bats
  5 kobolds
  A rat (D:1)
43 creatures vanquished.

Vanquished Creatures (collateral kills)
  A foxfire (D:1)
1 creature vanquished.

Vanquished Creatures (others)
  138 foxfires
  A fungus (D:1)
  A plant (D:1)
140 creatures vanquished.

Grand Total: 184 creatures vanquished

Notes
Turn   | Place    | Note
-------+----------+-------------------------------------------
     0 | D:1      | Ijustatesigmund the Gnoll Fire Elementalist began the quest
                  | for the Orb.
     0 | D:1      | Reached XP level 1. HP: 13/13 MP: 6/6
   209 | D:1      | Reached XP level 2. HP: 19/19 MP: 4/7
   212 | D:1      | Learned a level 2 spell: Scorch
   681 | D:1      | Found a faded altar of an unknown god.
  1353 | D:2      | Reached skill level 5 in Spellcasting
  1353 | D:2      | Reached XP level 3. HP: 25/25 MP: 3/9
  1417 | D:2      | Reached skill level 1 in Invocations
  1890 | D:3      | Noticed a scorpion
  1899 | D:3      | Killed a scorpion
  1900 | D:3      | Reached skill level 1 in Fighting
  1900 | D:3      | Reached skill level 1 in Short Blades
  1900 | D:3      | Reached skill level 1 in Long Blades
  1900 | D:3      | Reached skill level 1 in Axes
  1900 | D:3      | Reached skill level 1 in Maces & Flails
  1900 | D:3      | Reached skill level 1 in Polearms
  1900 | D:3      | Reached skill level 1 in Staves
  1900 | D:3      | Reached skill level 1 in Ranged Weapons
  1900 | D:3      | Reached skill level 1 in Throwing
  1900 | D:3      | Reached skill level 1 in Armour
  1900 | D:3      | Reached skill level 1 in Shields
  1900 | D:3      | Reached skill level 1 in Unarmed Combat
  1900 | D:3      | Reached skill level 1 in Hexes
  1900 | D:3      | Reached skill level 1 in Summonings
  1900 | D:3      | Reached skill level 1 in Necromancy
  1900 | D:3      | Reached skill level 1 in Translocations
  1900 | D:3      | Reached skill level 1 in Transmutations
  1900 | D:3      | Reached skill level 1 in Ice Magic
  1900 | D:3      | Reached skill level 1 in Air Magic
  1900 | D:3      | Reached skill level 1 in Earth Magic
  1900 | D:3      | Reached skill level 1 in Poison Magic
  1900 | D:3      | Reached skill level 1 in Evocations
  1900 | D:3      | Reached XP level 4. HP: 32/32 MP: 6/11
  2042 | D:3      | Found a runed translucent door.
  2048 | D:3      | Noticed a bullfrog
  2052 | D:3      | Noticed Opifex's ghost (amateur DsFi)
  2109 | D:3      | Found an iron altar of Okawaru.
  2247 | D:3      | Found a runed translucent door.
  2248 | D:3      | Noticed Crazy Yiuf
  2256 | D:3      | Killed Crazy Yiuf
  2257 | D:3      | Reached XP level 5. HP: 14/37 MP: 5/12
  2629 | D:3      | Found a snail-covered altar of Cheibriados.
  2635 | D:3      | Became a worshipper of Cheibriados the Contemplative
  3298 | D:4      | Gained mutation: You are weak. (Str -2) [potion of
                  | mutation]
  3298 | D:4      | Lost mutation: You are weak. (Str -2) [potion of mutation]
  3300 | D:4      | Slain by a gnoll

Illustrated notes

Levels and vault maps discovered:
D:1:      saegor_arrival_simple_b, layout_basic,
          shapermc_ecumenical_altar_hornbeckon, minmay_tree_intersection
D:2:      layout_loops_cross, minmay_goblin_kobold_house
D:3:      layout_basic, okawaru_gym_becter, mainiacjoe_overflow_alcove_1,
          ebering_ghost_sewer_d, chequers_serial_rivers_small_3, st_stairs_9,
          kennysheep_boxes, uniq_crazy_yiuf_cottage
D:4:      kennysheep_goblin_castle, layout_basic, mainiacjoe_overflow_24_doors,
          serial_shops, nicolae_shop_trees

Skill      XL: |  1  2  3  4  5 |
---------------+----------------+-----
Conjurations   | 2 |  2.5
Spellcasting   | 5 |  5.3
Invocations    | 1 2 |  2.0
Fighting       | 1 |  1.8
Short Blades   | 1 |  1.8
Long Blades    | 1 |  1.8
Axes           | 1 |  1.8
Maces & Flails | 1 |  1.8
Polearms       | 1 |  1.8
Staves         | 1 |  1.8
Ranged Weapons | 1 |  1.8
Throwing       | 1 |  1.8
Armour         | 1 |  1.8
Shields        | 1 |  1.8
Unarmed Combat | 1 |  1.8
Hexes          | 1 |  1.4
Summonings     | 1 |  1.4
Necromancy     | 1 |  1.4
Translocations | 1 |  1.4
Transmutations | 1 |  1.4
Ice Magic      | 1 |  1.4
Air Magic      | 1 |  1.4
Earth Magic    | 1 |  1.4
Poison Magic   | 1 |  1.4
Evocations     | 1 |  1.8
Dodging        | |  4.9
Stealth        | |  4.5
Fire Magic     | |  5.6

Action                     |  1- 3 |  4- 6 || total
---------------------------+-------+-------++-------
  Melee: Short sword       |     5 |       ||     5
   Cast: Foxfire           |    54 |    32 ||    86
         Scorch            |     2 |     5 ||     7
    Use: Scroll            |     6 |       ||     6
         Potion            |       |     3 ||     3
 Armour: Robe              |     2 |       ||     2
         Skin              |       |     1 ||     1
  Dodge: Dodged            |     6 |    14 ||    20

Table legend: (Time is in decaauts)
 A = Elapsed time spent in this place.
 B = Non-inter-level travel time spent in this place.
 C = Inter-level travel time spent in this place.
 D = Time resting spent in this place.
 E = Time spent auto-exploring this place.
 F = Levels seen in this place.
 G = Mean time per level.
                   A        B        C        D        E       F      G
               +--------+--------+--------+--------+--------+-----+--------+
         Total |   3461 |   3397 |     64 |    521 |   2527 |   4 |  865.2 |
       Dungeon |   3461 |   3397 |     64 |    521 |   2527 |   4 |  865.2 |
               +--------+--------+--------+--------+--------+-----+--------+

Top non-repeatable levels by time:
     D:3: 1394 daAuts
     D:1: 972 daAuts
     D:2: 917 daAuts
     D:4: 175 daAuts
